 Dungeon Sprint DCSS version 0.26-a0-660-gc07710193c (webtiles) character file.

Game seed: 9395446707398703028

23578 mhtbhm the Metallomancer (level 13, -2/69 HPs)
             Began as a Gargoyle Earth Elementalist on Oct 7, 2020.
             Was the Champion of Vehumet.
             Shot with a bolt by a yaktaur captain (31 damage)
             ... in the Dungeon (Sprint III: "The Ten Rune Challenge").
             The game lasted 00:16:32 (4642 turns).

mhtbhm the Metallomancer (GrEE)                     Turns: 4642, Time: 00:16:32

Health: -2/69      AC: 12    Str: 14    XL:     13   Next: 7%
Magic:  22/40      EV: 13    Int: 19    God:    Vehumet [******]
Gold:   2700       SH:  0    Dex: 10    Spells: 25/51 levels left

rFire    + . .     SeeInvis .   a - staff of earth
rCold    + . .     Faith    .   (no shield)
rNeg     + . .     Spirit   .   c - +0 robe
rPois    ∞         Reflect  .   (helmet restricted)
rElec    +         Harm     .   i - scarf {rC+ rF+}
rCorr    .         Rampage  .   t - +0 pair of gloves
MR       .....     NoTele   +   (no boots)
Stlth    ++........             (no amulet)
HPRegen  0.21/turn              (no ring)
MPRegen  0.27/turn              (no ring)

@: no status effects
A: antennae 1, high mp 1, negative energy resistance 1, electricity resistance,
unbreathing, petrification resistance, rot immunity, MP-powered wands, sturdy
frame 1, AC +9
a: Renounce Religion


You were in the Dungeon.
You worshipped Vehumet.
Vehumet was exalted by your worship.
You visited 1 branch You collected 4318 gold pieces.
You spent 1618 gold pieces at shops.

Inventory:

Missiles
 b - 14 stones (quivered)
 e - 6 javelins
 s - 7 curare-tipped darts
Armour
 c - a +0 robe (worn)
 i - a scarf of resistance (worn)
 t - a +0 pair of gloves (worn)
Magical Staves
 a - an uncursed staff of earth (weapon)
Wands
 q - a wand of flame (20)
Scrolls
 f - 9 scrolls of identify
 j - a scroll of enchant weapon
 k - 4 scrolls of remove curse
 m - a scroll of torment
 n - a scroll of immolation
Potions
 d - 2 potions of curing
 g - 2 potions of magic
 h - 3 potions of berserk rage
 l - 2 potions of brilliance
 o - 7 potions of mutation
 p - a potion of might
Miscellaneous
 r - a condenser vane (1/2)


   Skills:
 + Level 3.5 Fighting
   Level 2.0(2.9) Maces & Flails
 + Level 3.1(3.4) Staves
 + Level 4.6 Dodging
 - Level 3.2 Stealth
 + Level 19.7 Spellcasting
 + Level 4.4 Conjurations
 + Level 2.9 Transmutations
 + Level 24.1 Earth Magic
 + Level 1.2 Evocations


You had 25 spell levels left.
You knew the following spells:

 Your Spells              Type           Power        Failure   Level
a - Sandblast             Erth           ######       0%          1
b - Passwall              Tmut/Erth      #######.     0%          2
c - Stone Arrow           Conj/Erth      ######       0%          3
d - Lee's Rapid Deconstr  Erth           ########..   0%          5
e - Petrify               Tmut/Erth      #######.     1%          4
f - Iron Shot             Conj/Erth      #######...   1%          6
g - Bolt of Magma         Conj/Fire/Erth ######....   1%          5

Your spell library contained the following spells:

 Spells                   Type           Power        Failure   Level
 Shatter                  Erth           ########..   4%          9
 Ignition                 Fire           ###.......   100%        8
 Fire Storm               Conj/Fire      ####......   100%        9
 Conjure Flame            Conj/Fire      ####....     1%          3
 Ignite Poison            Fire/Tmut/Pois ###.....     1%          3
 Inner Flame              Hex/Fire       ###.....     2%          3
 Iskenderun's Battlesphe  Conj           #####...     3%          5
 Poisonous Vapours        Pois/Air       ###...       4%          2
 Confusing Touch          Hex            ###.....     9%          3
 Gell's Gravitas          Tloc           ###.......   9%          3
 Yara's Violent Unravell  Hex/Tmut       ###.......   11%         5
 Starburst                Conj/Fire      ####......   38%         6
 Metabolic Englaciation   Hex/Ice        ###.......   58%         5
 Orb of Destruction       Conj           #####.....   63%         7
 Spellforged Servitor     Conj/Summ      ####......   89%         7


Dungeon Overview and Level Annotations

Branches:
Dungeon (1/1)

Altars:
Cheibriados
Dithmenos
Elyvilon
Fedhas
Gozag
Hepliaklqana
Kikubaaqudgha
Makhleb
Nemelex Xobeh
Okawaru
Qazlal
Ru
Sif Muna
Trog
Uskayaw
Vehumet
Wu Jian
Xom
Yredelemnul
Zin
The Shining One
Beogh
Jiyva
Lugonu

Shops:
D *!:*?[=}[}(*


Innate Abilities, Weirdness & Mutations

You are resistant to torment.
Your stone body is resilient. (AC +9)
You are immune to poison.
You resist negative energy. (rN+)
You are resistant to electric shocks. (rElec)
You can survive without breathing.
You are immune to petrification.
You are immune to rotting.
You have a pair of small antennae on your head.
You have an increased reservoir of magic. (+10% MP)
You expend magic power (3 MP) to strengthen your wands.
Your movements are slightly less encumbered by armour. (ER -2)


Message History

Ouch! That really hurt!
You see here a bolt.
Unknown command.
Casting: Petrify (safe; 1% risk of failure)
Confirm with . or Enter, or press ? or * to list all spells.
Aiming: Petrify (safe; 1% risk of failure)
Press: ? - help, Shift-Dir - straight line, f/p - yaktaur captain
Aim: a yaktaur captain, wielding a +2 arbalest of chaos and quivering 18 bolts (chance to defeat MR: 51%)
You feel a surge of power!
The yaktaur captain resists with significant effort.
Casting: Petrify (safe; 1% risk of failure)
Confirm with . or Enter, or press ? or * to list all spells.
Okay, then.
Okay, then.
Evoke which item? (* to show all) (? for menu, Esc to quit)
Clouds of poison gas condense around you!
The yaktaur captain is engulfed in poison gas.
The yaktaur captain is poisoned.
The yaktaur captain shoots a bolt.
The bolt hits you!!
You die...

############## #'##
#[..#...#..#.. .c#
#...#.).#..#..PPP§#
##'###'##..#....P.#
#.......'..#..PPP.#
#.#####.####......#
'.#)..'(#..#......#
#######.'..#......#
#.. ..#.####....@.#
#..#..#.#..#......#
#.#.#.#.'..#......#
#.....#.#..#......#
#....)#)#.†'......#
#.#.#.).#..#......#
#..#..#.#..#...^^^#
#)....###########+#
#######


You could see a yaktaur captain (poisoned).

Vanquished Creatures
  Harold (D)
  A fire dragon (D)
  2 centaur warriors (D)
  Erica (D)
  4 dancing weapons (D)
  A two-headed ogre (shapeshifter) (D)
  Urug (D)
  4 orc high priests (D)
  An unseen horror (D)
  A skeletal warrior (D)
  A swamp dragon (shapeshifter) (D)
  A lindwurm (D)
  Joseph (D)
  An orange crystal statue (D)
  A deep elf mage (D)
  3 ugly things (D)
  4 crystal guardians (D)
  4 statues (D)
  2 cane toads (D)
  A komodo dragon (D)
  A rime drake (D)
  2 tyrant leeches (D)
  A queen bee (D)
  4 spriggan defenders (D)
  3 wandering mushrooms (D)
  A merfolk (shapeshifter) (D)
  A dream sheep (shapeshifter) (D)
  4 slime creatures (D)
  3 redbacks (D)
  A shadow (D)
  A spatial vortex (D)
  A swamp drake (D)
  A floating eye (D)
  A necrophage (D)
  2 centaurs (D)
  An earth elemental (D)
  A water elemental (D)
  31 killer bees (D)
  A jelly (D)
  3 orc priests (D)
  3 orc wizards (D)
  A wizard (D)
  A necromancer (D)
  A kobold demonologist (D)
  3 humans (D)
  A wolf (D)
  2 oozes (D)
  10 orcs (D)
  A giant cockroach (D)
  A hobgoblin (D)
124 creatures vanquished.

Vanquished Creatures (others)
  A killer bee (D)
  A bush (D)
  17 plants (D)
19 creatures vanquished.

Grand Total: 143 creatures vanquished

Notes
Turn   | Place    | Note
-------+----------+-------------------------------------------
     0 | D        | mhtbhm the Gargoyle Earth Elementalist began the quest for
                  | the Orb.
     0 | D        | Reached XP level 1. HP: 10/10 MP: 3/3
     2 | D        | Reached skill level 4 in Earth Magic
    18 | D        | Reached skill level 5 in Earth Magic
    18 | D        | Reached XP level 2. HP: 11/15 MP: 0/5
    75 | D        | Learned a level 2 spell: Passwall
   112 | D        | Gained mutation: You have an increased reservoir of magic.
                  | (+10% MP) [potion of mutation]
   112 | D        | Gained mutation: You have a pair of small antennae on your
                  | head. [potion of mutation]
   112 | D        | Gained mutation: You expend magic power (3 MP) to
                  | strengthen your wands. [potion of mutation]
   112 | D        | Gained mutation: Your movements are slightly less
                  | encumbered by armour. (ER -2) [potion of mutation]
   130 | D        | Reached skill level 6 in Earth Magic
   130 | D        | Reached XP level 3. HP: 19/19 MP: 5/8
   164 | D        | Learned a level 3 spell: Stone Arrow
   183 | D        | Reached skill level 7 in Earth Magic
   248 | D        | Noticed a water elemental
   251 | D        | Killed a water elemental
   251 | D        | Reached skill level 8 in Earth Magic
   251 | D        | Reached XP level 4. HP: 24/24 MP: 3/11
   325 | D        | Found a basalt altar of Yredelemnul.
   325 | D        | Found a shadowy altar of Dithmenos.
   325 | D        | Found a sacrificial altar of Ru.
   325 | D        | Noticed a necrophage
   326 | D        | Reached skill level 9 in Earth Magic
   326 | D        | Reached XP level 5. HP: 28/28 MP: 10/13
   328 | D        | Killed a necrophage
   328 | D        | Reached skill level 1 in Fighting
   328 | D        | Reached skill level 10 in Earth Magic
   390 | D        | Learned a level 5 spell: Lee's Rapid Deconstruction
   395 | D        | Learned a level 4 spell: Petrify
   452 | D        | Found a radiant altar of Vehumet.
   452 | D        | Found a shimmering blue altar of Sif Muna.
   452 | D        | Found an ancient bone altar of Kikubaaqudgha.
   454 | D        | Reached skill level 11 in Earth Magic
   454 | D        | Reached XP level 6. HP: 34/34 MP: 9/16
   461 | D        | Became a worshipper of Vehumet
   528 | D        | Found a hide-covered altar of Uskayaw.
   528 | D        | Found a roughly hewn altar of Beogh.
   528 | D        | Found an iron altar of Okawaru.
   528 | D        | Found a bloodstained altar of Trog.
   528 | D        | Found an ornate altar of the Wu Jian Council.
   528 | D        | Noticed a human
   528 | D        | Noticed a human
   531 | D        | Killed a human
   531 | D        | Reached skill level 12 in Earth Magic
   532 | D        | Killed a human
   532 | D        | Reached skill level 1 in Conjurations
   532 | D        | Reached skill level 13 in Earth Magic
   532 | D        | Reached XP level 7. HP: 39/39 MP: 0/20
   651 | D        | Found a glowing silver altar of Zin.
   651 | D        | Found a glowing golden altar of the Shining One.
   651 | D        | Found a white marble altar of Elyvilon.
   651 | D        | Noticed a deep elf mage
   653 | D        | Killed a deep elf mage
   653 | D        | Reached * piety under Vehumet
   653 | D        | Offered knowledge of Magic Dart by Vehumet.
   653 | D        | Reached skill level 10 in Spellcasting
   653 | D        | Reached skill level 14 in Earth Magic
   653 | D        | Reached XP level 8. HP: 44/44 MP: 10/24
   728 | D        | Noticed a shadow
   731 | D        | Killed a shadow
   804 | D        | Found a blossoming altar of Fedhas.
   804 | D        | Found a stormy altar of Qazlal.
   804 | D        | Found a snail-covered altar of Cheibriados.
   804 | D        | Found a burning altar of Makhleb.
   804 | D        | Found a shimmering altar of Xom.
   805 | D        | Found a hazy altar of Hepliaklqana.
   805 | D        | Found an opulent altar of Gozag.
   805 | D        | Found a sparkling altar of Nemelex Xobeh.
   805 | D        | Found a corrupted altar of Lugonu.
   805 | D        | Found a viscous altar of Jiyva.
   807 | D        | Reached ** piety under Vehumet
   807 | D        | Offered knowledge of Shock by Vehumet.
   875 | D        | Noticed Erica
   880 | D        | Killed Erica
   880 | D        | Reached skill level 16 in Earth Magic
   880 | D        | Reached XP level 9. HP: 48/48 MP: 13/27
  1069 | D        | Offered knowledge of Static Discharge by Vehumet.
  1073 | D        | Reached *** piety under Vehumet
  1073 | D        | Noticed a centaur warrior
  1075 | D        | Killed a centaur warrior
  1075 | D        | Reached skill level 17 in Earth Magic
  1244 | D        | Killed an unseen horror
  1244 | D        | Offered knowledge of Conjure Flame by Vehumet.
  1244 | D        | Reached XP level 10. HP: 49/53 MP: 9/30
  1360 | D        | Reached **** piety under Vehumet
  1360 | D        | Reached skill level 18 in Earth Magic
  1476 | D        | Offered knowledge of Hailstorm by Vehumet.
  1477 | D        | Reached ***** piety under Vehumet
  1481 | D        | Reached ****** piety under Vehumet
  1499 | D        | Reached skill level 1 in Maces & Flails
  1613 | D        | Noticed Harold
  1613 | D        | Noticed Joseph
  1619 | D        | Killed Harold
  1619 | D        | Offered knowledge of Orb of Destruction by Vehumet.
  1619 | D        | Reached skill level 15 in Spellcasting
  1619 | D        | Reached skill level 1 in Transmutations
  1619 | D        | Reached skill level 19 in Earth Magic
  1619 | D        | Reached XP level 11. HP: 59/59 MP: 13/33
  1621 | D        | Killed Joseph
  1775 | D        | Reached skill level 20 in Earth Magic
  1780 | D        | Offered knowledge of Freezing Cloud by Vehumet.
  1783 | D        | Noticed an orc high priest
  1785 | D        | Killed an orc high priest
  1836 | D        | Found Umni's General Store.
  1890 | D        | Bought a scroll of identify for 20 gold pieces
  1998 | D        | Offered knowledge of Bolt of Magma by Vehumet.
  2374 | D        | Noticed a lindwurm
  2383 | D        | Killed a lindwurm
  2383 | D        | Reached skill level 21 in Earth Magic
  2486 | D        | Noticed Urug
  2488 | D        | Offered knowledge of Ozocubu's Refrigeration by Vehumet.
  2804 | D        | Killed Urug
  2804 | D        | Reached skill level 1 in Evocations
  3086 | D        | Noticed a yaktaur captain
  3095 | D        | Noticed a skeletal warrior
  3101 | D        | Killed a skeletal warrior
  3101 | D        | Reached skill level 1 in Staves
  3292 | D        | Noticed an orange crystal statue
  3292 | D        | Killed an orange crystal statue
  3292 | D        | Offered knowledge of Spellforged Servitor by Vehumet.
  3304 | D        | Noticed a crystal guardian
  3308 | D        | Killed a crystal guardian
  3308 | D        | Reached XP level 12. HP: 64/64 MP: 27/36
  3314 | D        | Reached skill level 22 in Earth Magic
  3503 | D        | Offered knowledge of Iron Shot by Vehumet.
  3515 | D        | Learned a level 6 spell: Iron Shot
  3533 | D        | Found Axtihink's Antique Armour Shop.
  3533 | D        | Found Unyecu's Assorted Antiques.
  3533 | D        | Found Senizush's Jewellery Emporium.
  3533 | D        | Found Acuqi's Magic Scroll Boutique.
  3533 | D        | Found Myhumea's Gadget Emporium.
  3533 | D        | Found Sirud's Antique Weapon Shop.
  3533 | D        | Found Ihokacw's Armour Boutique.
  3533 | D        | Found Zacuij Niut's Assorted Antiques.
  3533 | D        | Found Ynixkymith's Gadget Emporium.
  3533 | D        | Found Etheow's Book Shop.
  3533 | D        | Found Babb's Distillery.
  3575 | D        | Bought a scarf of resistance for 448 gold pieces
  3589 | D        | Bought a scroll of acquirement for 520 gold pieces
  3605 | D        | Acquired 1059 gold pieces
  3610 | D        | Bought a book of Power for 630 gold pieces
  3616 | D        | Learned a level 5 spell: Bolt of Magma
  4031 | D        | Noticed a centaur warrior
  4033 | D        | Killed a centaur warrior
  4033 | D        | Offered knowledge of Conjure Ball Lightning by Vehumet.
  4033 | D        | Reached skill level 23 in Earth Magic
  4204 | D        | Identified the Collected Works on Intoxication and Ignition
  4213 | D        | Noticed a fire dragon
  4222 | D        | Killed a fire dragon
  4511 | D        | Noticed a two-headed ogre
  4511 | D        | a yaktaur changed into a two-headed ogre
  4516 | D        | Reached XP level 13. HP: 61/69 MP: 15/40
  4517 | D        | Reached skill level 24 in Earth Magic
  4636 | D        | Noticed a yaktaur captain
  4639 | D        | Offered knowledge of Fire Storm by Vehumet.
  4639 | D        | Offered knowledge of Shatter by Vehumet.
  4639 | D        | Offered knowledge of Ignition by Vehumet.
  4642 | D        | Shot with a bolt by a yaktaur captain

Illustrated notes

Levels and vault maps discovered:
D:        dungeon_sprint_mu [sprint_mu_entry_forest, sprint_mu_temple_rooms,
          sprint_mu_d1_horrors, sprint_mu_d2_genie, sprint_mu_d3_branching,
          sprint_mu_orc_legion, sprint_mu_elf_gauntlet, sprint_mu_hive_nellie,
          sprint_mu_lair_fedhas, sprint_mu_vaults_butterflies,
          sprint_mu_slime_circle, sprint_mu_swamp_cave, sprint_mu_shoals_kraken,
          sprint_mu_blade_basic, sprint_mu_crypt_chambers,
          sprint_mu_tomb_spiral, sprint_mu_vestibule_basic,
          sprint_mu_gehenna_hellfire, sprint_mu_dis_giant,
          sprint_mu_tartarus_statrot, sprint_mu_cocytus_islands, sprint_mu_zot1]

Skill      XL: |  1  2  3  4  5  6  7  8  9 10 11 12 13 |
---------------+----------------------------------------+-----
Earth Magic    | 5 6 8 9 11 13 14 16 17 19 21 23 24 | 24.1
Dodging        | 2 3 4 |  4.6
Spellcasting   | 3 4 6 8 10 11 13 15 17 19 | 19.7
Stealth        | 3 |  3.2
Fighting       | 1 2 3 |  3.5
Conjurations   | 1 2 3 4 |  4.4
Maces & Flails | 1 2 |  2.0
Transmutations | 1 2 |  2.9
Evocations     | 1 |  1.2
Staves         | 2 3 |  3.1

Action                   |  1- 3 |  4- 6 |  7- 9 | 10-12 | 13-15 || total
-------------------------+-------+-------+-------+-------+-------++-------
Melee: Whip              |       |       |       |     4 |       ||     4
       Quarterstaff      |       |       |       |     9 |       ||     9
 Cast: Sandblast         |    12 |     3 |       |     1 |       ||    16
       Passwall          |     1 |       |       |       |       ||     1
       Stone Arrow       |     1 |     3 |     2 |    19 |       ||    25
       Lee's Rapid Decon |       |     3 |    22 |   105 |     4 ||   134
       Petrify           |       |       |       |    14 |     1 ||    15
       Iron Shot         |       |       |       |     5 |     1 ||     6
Evoke: Condenser vane    |       |       |       |     5 |     1 ||     6
  Use: Potion            |     1 |       |       |     2 |       ||     3
       Scroll            |       |       |       |     6 |       ||     6
 Stab: Petrified         |       |       |       |     5 |       ||     5
Armor: Robe              |     3 |       |       |     6 |       ||     9
Dodge: Dodged            |       |       |     3 |    23 |       ||    26

Table legend: (Time is in decaauts)
 A = Elapsed time spent in this place.
 B = Non-inter-level travel time spent in this place.
 C = Inter-level travel time spent in this place.
 D = Time resting spent in this place.
 E = Time spent auto-exploring this place.
 F = Levels seen in this place.
 G = Mean time per level.
                   A        B        C        D        E       F      G
               +--------+--------+--------+--------+--------+-----+--------+
         Total |   4652 |   4652 |      0 |   3304 |      1 |   1 | 4652.0 |
       Dungeon |   4652 |   4652 |      0 |   3304 |      1 |   1 | 4652.0 |
               +--------+--------+--------+--------+--------+-----+--------+

Top non-repeatable levels by time:
       D: 4652 daAuts
